[Event "*** SCC Grand Prix: Titled Tuesday Blitz"]
[Site "Chess.com"]
[Date "2020.06.09"]
[Round "4"]
[White "Khazieva_Elza"]
[Black "FontVella8"]
[Result "0-1"]
[WhiteElo "2245"]
[BlackElo "2439"]
[TimeControl "180+1"]
[EndTime "9:39:35 PDT"]
[Termination "FontVella8 won on time"]

1. e4 c6 2. d3 d5 3. Nd2 g6 4. Ngf3 Bg7 5. g3 e5 6. Bg2 Ne7 7. O-O O-O 8. b4 h6 9. Bb2 Qc7 10. Re1 d4 11. Nb3 b6 12. c3 dxc3 13. Bxc3 Rd8 14.
Qc2 Be6 15. Rad1 Nd7 16. d4 Bg4 17. h3 Bxf3 18. Bxf3 exd4 19. Bxd4 Ne5 20. Bg2 g5 21. Qc3 N7g6 22. Rc1 Rd7 23. Red1 Rad8 24. Qa1 h5 25. a4 h4 26. Kh2 hxg3+ 27. fxg3 g4 28. a5 gxh3 29. Kxh3 Bf6 30. axb6 axb6 31. Qa6 Kg7 32. Bf1 Rh8+ 33. Kg2 Ng4 34. Bxf6+ Nxf6 35. Qa1 Nf4+ 36. gxf4 Qxf4 0-1

[Event "*** SCC Grand Prix: Titled Tuesday Blitz"]
[Site "Chess.com"]
[Date "2020.06.09"]
[Round "4"]
[White "1f3_2g41-0"]
[Black "MasterKroket"]
[Result "1-0"]
[WhiteElo "2212"]
[BlackElo "2401"]
[TimeControl "180+1"]
[EndTime "9:39:35 PDT"]
[Termination "1f3_2g41-0 won by resignation"]

1. e4 c5 2. Nf3 e6 3. d4 cxd4 4. Nxd4 Nc6 5. Nc3 Qc7 6. Be3 a6 7. Qf3 Nf6 8. O-O-O Ne5 9. Qg3 b5 10. f4 Neg4 11. e5 Nxe3 12. Qxe3 b4 13. exf6 bxc3 14. fxg7 cxb2+ 15. Kb1 Bxg7 16. Nf5 Bf6 17. Nd6+ Ke7 18. Qa3 Kd8 19. Nxf7+ Ke8 20. Nd6+ Kd8 21. f5 e5 22. Bc4 Be7 23. Nf7+ Ke8 24. Qd3 Rf8 25. f6 Bc5 26.
Qxh7 Bd4 27. Bb3 Bb7 28. Rhe1 d5 29. Rxd4 Rxf7 30. Qg8+ Rf8 31. Qe6+ Kd8 32. Rxd5+ Bxd5 33. Qxd5+ Qd7 34. Qxa8+ Kc7 35. Qa7+ Kc8 36. Qa8+ Kc7 37.
Qxf8 Qd2 38. Qe7+ Kb8 39. Qxe5+ Ka7 40. Qe2 Qxe2 41. Rxe2 1-0

[Event "*** SCC Grand Prix: Titled Tuesday Blitz"]
[Site "Chess.com"]
[Date "2020.06.09"]
[Round "4"]
[White "MNyuyu"]
[Black "vinniethepooh"]
[Result "0-1"]
[WhiteElo "2356"]
[BlackElo "2549"]
[TimeControl "180+1"]
[EndTime "9:39:36 PDT"]
[Termination "vinniethepooh won by checkmate"]

1. d4 Nf6 2. Nf3 d5 3. Bf4 c5 4. e3 Nc6 5. c3 e6 6. Nbd2 cxd4 7. exd4 Nh5 8. Bg5 f6 9. Bh4 g6 10. Bd3 Nf4 11. Bf1 Bd6 12. Bg3 O-O 13. Bxf4 Bxf4 14.
Be2 e5 15. dxe5 fxe5 16. g3 Bh6 17. Qb3 Be6 18. Qxb7 Qd6 19. Qa6 Rab8 20. b3 e4 21. Nd4 Rb6 22. Qa4 Bd7 23. Nxc6 Bxc6 24. Qa5 Qf6 25.
O-O-O Qxf2 26. Qxa7 Be3 27. Rhf1 Qxe2 28. Rxf8+ Kxf8 29. Qc7 Ra6 30. Qd6+ Kf7 31. Qc7+ Ke6 32. Qc8+ Ke7 33.
Qc7+ Bd7 34. Qe5+ Re6 35. Qg7+ Kd6 36. Qf8+ Kc7 37. Kc2 Qd3+ 38. Kb2 Bxd2 39. Qc5+ Rc6 40. Qa5+ Kd6 41. Qb4+ Ke6 42. Rxd2 Qxd2+ 43. Ka3 Ra6+ 44. Qa4 Rxa4+ 45. bxa4 Qxc3# 0-1

[Event "*** SCC Grand Prix: Titled Tuesday Blitz"]
[Site "Chess.com"]
[Date "2020.06.09"]
[Round "4"]
[White "Bastiandash"]
[Black "FrenchMonster2002"]
[Result "0-1"]
[WhiteElo "2170"]
[BlackElo "2418"]
[TimeControl "180+1"]
[EndTime "9:39:36 PDT"]
[Termination "FrenchMonster2002 won by checkmate"]

1. d4 Nf6 2. Nf3 g6 3. Bg5 Bg7 4. Nbd2 d5 5. c3 O-O 6. e3 c6 7. Be2 Bg4 8. h3 Bxf3 9. Bxf3 Nbd7 10. O-O Qc7 11. a4 e5 12. dxe5 Nxe5 13. Be2 Rfe8 14.
Nf3 Ne4 15. Bf4 Qe7 16. Nxe5 Bxe5 17. Bxe5 Qxe5 18. Qd4 f5 19. Qxe5 Rxe5 20. Bf3 Nd2 21.
Rfd1 Nxf3+ 22. gxf3 f4 23. Rd3 Rae8 24. Re1 Kg7 25.
Kf1 Kf6 26. Ke2 g5 27. Kd2 h5 28. b4 Kf5 29. Rg1 b6 30. a5 c5 31. axb6 axb6 32. Ra1 c4 33. Rd4 fxe3+ 34. fxe3 Rxe3 35.
Rxd5+ Kf4 36. Rd4+ Kxf3 37. Rxc4 Re2+ 38. Kd3 b5 39. Rd4 R8e3# 0-1

[Event "*** SCC Grand Prix: Titled Tuesday Blitz"]
[Site "Chess.com"]
[Date "2020.06.09"]
[Round "4"]
[White "Gromes7"]
[Black "Olga_Girya"]
[Result "0-1"]
[WhiteElo "2055"]
[BlackElo "2403"]
[TimeControl "180+1"]
[EndTime "9:39:36 PDT"]
[Termination "Olga_Girya won by resignation"]

1. d4 d5 2. Nf3 Nf6 3. g3 Bg4 4. Ne5 Bf5 5. Bg2 e6 6. c4 c6 7.
cxd5 exd5 8. Qb3 Qb6 9. Qxb6 axb6 10. Nc3 Nbd7 11. O-O Bd6 12. Bf4 Bb4 13. Nd1 O-O 14.
a3 Be7 15. Ne3 Be6 16. Rac1 Nxe5 17. Bxe5 Nd7 18. Bf4 b5 19. Nc2 Nb6 20. e4 dxe4 21. Bxe4 Nc4 22. Nb4 Nxb2 23. d5 Bxb4 24. axb4 cxd5 25.
Bf3 Nd3 26. Rc7 Nxf4 27. gxf4 Rab8 28. Rd1 Rfd8 29. Rd4 g6 30. Kf1 Rd6 31. Ke2 Rc6 32. Re7 Rc2+ 33. Ke1 Rc4 34. Rxc4 bxc4 35. Rc7 b6 36. b5 Ra8 37. Rc6 Ra3 38. Be2 c3 39. Rxb6 Ra1+ 40. Bd1 c2 0-1

[Event "*** SCC Grand Prix: Titled Tuesday Blitz"]
[Site "Chess.com"]
[Date "2020.06.09"]
[Round "4"]
[White "malandragem"]
[Black "Vandros57"]
[Result "1-0"]
[WhiteElo "2456"]
[BlackElo "2244"]
[TimeControl "180+1"]
[EndTime "9:39:36 PDT"]
[Termination "malandragem won on time"]

1. a3 d5 2. Nf3 Nf6 3. c4 e6 4. e3 b6 5. Nc3 Bb7 6. b4 Be7 7. Bb2 O-O 8. Qb3 Nbd7 9. Be2 c5 10. b5 dxc4 11. Bxc4 Qc7 12. Bxe6 Rad8 13. Ng5 Ne5 14. f4 c4 15. Qc2 Nd3+ 16. Kf1 fxe6 17. Nxe6 Qb8 18.
Nxd8 Rxd8 19. Ne2 Bd5 20. Bd4 Qb7 21. Rg1 Ne4 22. Nc3 Nxc3 23. Qxc3 Bf8 24. g4 Bf7 25.
Rg3 Qe4 26. Kg1 Nxf4 27. Re1 Nd3 28. Rf1 Bd5 29. Rgf3 Bd6 30. h3 h5 31. Bxg7 hxg4 32.
Bh8 Qg6 33. Rf6 Qg5 34. R1f5 1-0

[Event "*** SCC Grand Prix: Titled Tuesday Blitz"]
[Site "Chess.com"]
[Date "2020.06.09"]
[Round "4"]
[White "ehrenfeld"]
[Black "Rish_97"]
[Result "1-0"]
[WhiteElo "2513"]
[BlackElo "2687"]
[TimeControl "180+1"]
[EndTime "9:39:37 PDT"]
[Termination "ehrenfeld won by resignation"]

1. e4 c5 2. d3 Nc6 3. f4 g6 4. Nf3 Bg7 5. Be2 d6 6. O-O e6 7.
c3 Nge7 8. Be3 O-O 9. d4 b6 10. Na3 Bb7 11. dxc5 dxc5 12. Qc2 a6 13. Nc4 Qc7 14.
a4 Rfd8 15. Qb3 Nc8 16. f5 exf5 17. exf5 Na5 18. Nxa5 bxa5 19. fxg6 hxg6 20. Ng5 Nd6 21. Rad1 c4 22. Qb6 Qe7 23. Rde1 Rab8 24. Qa7 Ra8 25. Qb6 Rab8 26. Qa7 Nf5 27. Bc1 Ra8 28. Qf2 Qc7 29. g4 Nd6 30. Qh4 Qc5+ 31. Rf2 Ne4 32. Qh7+ Kf8 33. Ne6+ Ke7 34. Nxc5 Nxc5 35. Bf3+ 1-0

[Event "*** SCC Grand Prix: Titled Tuesday Blitz"]
[Site "Chess.com"]
[Date "2020.06.09"]
[Round "4"]
[White "cassoulet"]
[Black "boo786"]
[Result "1-0"]
[WhiteElo "2619"]
[BlackElo "2391"]
[TimeControl "180+1"]
[EndTime "9:39:37 PDT"]
[Termination "cassoulet won on time"]

1. e4 c5 2. Nf3 e6 3. d4 cxd4 4. Nxd4 Nc6 5. Nc3 Qc7 6. Be3 Nf6 7. Bd3 a6 8. O-O Be7 9. f4 d6 10. Qe1 b5 11. a3 Bb7 12. Qg3 O-O 13. Rae1 Rad8 14.
Kh1 Nxd4 15. Bxd4 e5 16. fxe5 Nh5 17. Qg4 dxe5 18. Be3 Nf6 19. Qh3 Bc8 20. Qg3 Be6 21.
Bg5 Nh5 22. Qh4 Bxg5 23. Qxh5 Bd2 24. Nd5 Bxd5 25. exd5 g6 26. Qxe5 Qd7 27. Rd1 Bh6 28.
c4 Bg7 29. Qe2 bxc4 30. Bxc4 a5 31. b3 Qd6 32. a4 Rde8 33. Qd2 Re5 34. Qxa5 h5 35.
Qa7 h4 36. h3 Rg5 37. Rf2 Qg3 38. Re2 Be5 39. Qg1 Bd6 40. Rd3 Qf4 41. Rf3 Qd4 42.
Qxd4 1-0

[Event "*** SCC Grand Prix: Titled Tuesday Blitz"]
[Site "Chess.com"]
[Date "2020.06.09"]
[Round "4"]
[White "Maxim_e2e4"]
[Black "BursaBBSatranc"]
[Result "0-1"]
[WhiteElo "2348"]
[BlackElo "2516"]
[TimeControl "180+1"]
[EndTime "9:39:37 PDT"]
[Termination "BursaBBSatranc won on time"]

1. e4 e5 2. Nf3 Nf6 3. Nxe5 d6 4.
Nxf7 Kxf7 5. Nc3 g6 6. d4 c5 7.
Bc4+ Kg7 8. dxc5 Nc6 9. cxd6 Bxd6 10. Bg5 h6 11. Bh4 g5 12. Bg3 Bxg3 13. hxg3 Re8 14. Qxd8 Rxd8 15. Rd1 Rxd1+ 16. Kxd1 Ne5 17. Bb3 Bg4+ 18.
Ke1 Rd8 19. f3 Bd7 20. Nd5 Nxd5 21. Bxd5 Bc6 22. Bb3 Bb5 23. Bd5 Bc4 24. Bxc4 Nxc4 25. b3 Ne3 26. Ke2 Nxc2 27. Rc1 Nd4+ 28. Ke3 Rd7 29.
f4 Kf6 30. Rc4 Ne6 31. e5+ Kf5 32. Kf3 g4+ 33. Ke3 Nc7 0-1

[Event "*** SCC Grand Prix: Titled Tuesday Blitz"]
[Site "Chess.com"]
[Date "2020.06.09"]
[Round "4"]
[White "Mikasinski"]
[Black "Chess2019Player"]
[Result "1-0"]
[WhiteElo "2416"]
[BlackElo "2169"]
[TimeControl "180+1"]
[EndTime "9:39:37 PDT"]
[Termination "Mikasinski won on time"]

1. e4 e6 2. d4 d5 3. Nc3 Nf6 4. Bg5 Bb4 5. e5 h6 6. Bh4 g5 7. Bg3 Ne4 8. Ne2 c5 9. a3 Bxc3+ 10. Nxc3 Nxc3 11. bxc3 c4 12. h4 Rg8 13. Qh5 Rg6 14. hxg5 hxg5 15. Qh8+ Ke7 16. Qxd8+ Kxd8 17. Rh8+ Kd7 18.
Rh7 Ke7 19. f4 gxf4 20. Bh4+ Kf8 21. Rh8+ Rg8 22. Be7+ Kg7 23. Bf6+ Kf8 24. Be7+ Kg7 25.
Rh4 Nc6 26. Bf6+ Kf8 27. Rxf4 Ne7 28. Kf2 Bd7 29. Be2 Ng6 30. Rf3 Ba4 31. Rc1 Rc8 32. Ke3 Ne7 33. Rf2 Rg3+ 34. Kd2 Ng6 35. Rh1 Ke8 36. Rh7 1-0

[Event "*** SCC Grand Prix: Titled Tuesday Blitz"]
[Site "Chess.com"]
[Date "2020.06.09"]
[Round "4"]
[White "freshfoodcompany"]
[Black "Siniauski"]
[Result "0-1"]
[WhiteElo "2208"]
[BlackElo "2507"]
[TimeControl "180+1"]
[EndTime "9:39:37 PDT"]
[Termination "Siniauski won on time"]

1. d4 Nf6 2. c4 e6 3. Nc3 Bb4 4. e3 b6 5. Ne2 Bb7 6. a3 Bxc3+ 7. Nxc3 O-O 8. Bd3 d6 9. O-O Nbd7 10. e4 e5 11. d5 a5 12. Rb1 Qe7 13. b4 axb4 14. axb4 Rfc8 15. Bb2 c6 16. Re1 cxd5 17. Nxd5 Bxd5 18.
exd5 Ra7 19. Qb3 b5 20. cxb5 Nb6 21. f4 Nbxd5 22. fxe5 dxe5 23. Bxe5 Qb7 24. Rbc1 Rca8 25. Bc4 Ra3 26. Qb2 h6 27. Bb3 Qxb5 28. Rc5 Qxb4 29. Qf2 Qxb3 30. Rec1 Qe3 31. Rc8+ Rxc8 32. Rxc8+ Kh7 33.
Qxe3 Nxe3 34. Bxf6 gxf6 35. Kf2 Ng4+ 36. Ke2 Ra2+ 37.
Kf3 Ne5+ 38. Kg3 Kg6 39. Rc3 f5 40. Re3 f6 41. h3 Kg5 42. Rc3 f4+ 43. Kh2 f3 0-1

[Event "*** SCC Grand Prix: Titled Tuesday Blitz"]
[Site "Chess.com"]
[Date "2020.06.09"]
[Round "4"]
[White "bazar-wokzal"]
[Black "Gennady_Kozlov"]
[Result "1/2-1/2"]
[WhiteElo "2377"]
[BlackElo "2554"]
[TimeControl "180+1"]
[EndTime "9:39:38 PDT"]
[Termination "Game drawn by agreement"]

1. e4 e6 2. d4 d5 3. exd5 exd5 4. Nf3 Bd6 5. c4 c6 6. Bd3 Ne7 7. O-O O-O 8. Nc3 Bf5 9. Be2 Nd7 10. Qb3 Qb6 11. c5 Qxb3 12. axb3 Bc7 13. b4 a6 14. Re1 Ng6 15. Bd2 Rfe8 16. h3 Bf4 17. Bf1 Bxd2 18. Nxd2 Nf4 19. g3 Nxh3+ 20. Bxh3 Bxh3 21. Nb3 Be6 22.
Na5 Rab8 23. Ne2 g5 24. f3 Nf8 25. Kf2 Re7 26. Nc1 Rbe8 27. Nd3 Bf5 28. Rxe7 Rxe7 29. Ne5 f6 30. Nexc6 bxc6 31. Nxc6 Rc7 32. Rxa6 Bd3 33. Rb6 Kf7 34. Na5 Ne6 35. Ke3 Bc2 36. b5 f5 37.
f4 gxf4+ 38. gxf4 h5 39. Nc6 h4 40. Ne5+ Kf6 41. c6 h3 42. Nf3 Be4 43. Rb7 Bxf3 44. Kxf3 Nxd4+ 45. Kg3 Nxb5 46. Rxb5 Rxc6 47. Rxd5 Rc2 48.
Kxh3 Rxb2 49. Rd6+ Ke7 50. Ra6 Rb4 51. Kg3 Re4 52. Rb6 Kf7 53. Ra6 Re6 54. Ra8 Rg6+ 55. Kf3 Rb6 56. Kg3 Kg6 57. Rg8+ Kf6 58. Rf8+ Ke6 59.
Re8+ Kf7 60. Ra8 1/2-1/2

[Event "*** SCC Grand Prix: Titled Tuesday Blitz"]
[Site "Chess.com"]
[Date "2020.06.09"]
[Round "4"]
[White "theblitzchamp"]
[Black "Orest_Vovk"]
[Result "1-0"]
[WhiteElo "2692"]
[BlackElo "2451"]
[TimeControl "180+1"]
[EndTime "9:39:39 PDT"]
[Termination "theblitzchamp won by checkmate"]

1. d4 h6 2. e4 g5 3. Nc3 Bg7 4. h4 g4 5. Be3 d6 6. Bc4 c6 7.
Bb3 h5 8. Qd2 Be6 9. Bxe6 fxe6 10.
Nge2 Nd7 11. O-O-O Qa5 12. Kb1 O-O-O 13. f3 Nb6 14. Qd3 gxf3 15. gxf3 Qb4 16. a3 Qc4 17. Nf4 e5 18. Ng6 exd4 19. Bxd4 Qxd3 20. Rxd3 Bxd4 21. Rxd4 Rh7 22. Rdd1 Rf7 23. f4 Nf6 24. Rhg1 Ng4 25. f5 Nc4 26. Nf4 e5 27. Nxh5 Nge3 28. Rd3 Rh8 29. Rg5 Rfh7 30. Ng3 Rxh4 31. b3 Nxa3+ 32. Kb2 Naxc2 33. Rxd6 Rh2 34. f6 Nd4+ 35. Ka3 Nec2+ 36. Ka4 Rh1 37. Nxh1 Rxh1 38. Ka5 Ra1+ 39. Na4 b6+ 40. Ka6 Nb4+ 41. Kxa7 b5 42. Kb6 bxa4 43. Rg8# 1-0

[Event "*** SCC Grand Prix: Titled Tuesday Blitz"]
[Site "Chess.com"]
[Date "2020.06.09"]
[Round "4"]
[White "yamalchess"]
[Black "politeplayer"]
[Result "1-0"]
[WhiteElo "2446"]
[BlackElo "2277"]
[TimeControl "180+1"]
[EndTime "9:39:41 PDT"]
[Termination "yamalchess won by checkmate"]

1. d4 d5 2. c4 e6 3. Nc3 c5 4. Nf3 cxd4 5. Nxd4 e5 6. Nf3 d4 7. Nb1 Nc6 8. e3 Bb4+ 9. Bd2 dxe3 10. fxe3 Qb6 11.
Nc3 Bxc3 12. bxc3 Bg4 13. Be2 Rd8 14. Rb1 Qc7 15. Qa4 Nf6 16. Bc1 Ne4 17. Qa3 f6 18.
O-O h5 19. Rb5 a6 20. Rd5 Kf7 21. Bd3 Bxf3 22. gxf3 Ng5 23. Bf5 Ne7 24. e4 Nxd5 25.
cxd5 Qb6+ 26. Kg2 h4 27. Bxg5 h3+ 28. Kh1 fxg5 29. c4 Qd4 30. Qb4 b5 31. Be6+ Kg6 32.
Bf5+ Kf6 33. Qe1 Qxc4 34. Rg1 Qxa2 35. Qg3 Rh5 36. Bg4 Rh4 37. Bxh3 Rxh3 38. Qxg5+ Kf7 39.
Qxg7+ Ke8 40. Qg6+ Ke7 41. Qe6+ Kf8 42. Rg8# 1-0

[Event "*** SCC Grand Prix: Titled Tuesday Blitz"]
[Site "Chess.com"]
[Date "2020.06.09"]
[Round "4"]
[White "Guenplen"]
[Black "Khvicha_Supatashvili"]
[Result "0-1"]
[WhiteElo "2898"]
[BlackElo "2728"]
[TimeControl "180+1"]
[EndTime "9:39:42 PDT"]
[Termination "Khvicha_Supatashvili won on time"]

1. d4 Nf6 2. Bf4 d5 3. e3 c5 4. c3 Nc6 5. Nd2 Bf5 6. Ngf3 e6 7. Qb3 Qc8 8. Nh4 Bg6 9. Nxg6 hxg6 10. h3 Be7 11.
Be2 O-O 12. O-O Rd8 13. a4 cxd4 14. exd4 Bd6 15. Bxd6 Rxd6 16. a5 a6 17. Qa3 Qc7 18. Nb3 e5 19. dxe5 Nxe5 20. Nd4 Ne4 21. Rad1 Rad8 22.
Rfe1 Rf6 23. Rf1 g5 24. Nc2 g4 25. hxg4 Rh6 26. g3 Nxg3 27. fxg3 Nc4 28. Kg2 Nxa3 29. Nxa3 Qxa5 30. Rf4 Qb6 31. Rd2 Qe3 32. Rfd4 g5 33. Bf1 Rf6 34. R4d3 Qe4+ 35. Kg1 Qxg4 36. Nc2 Re8 37.
Bg2 Re2 38. Nd4 Rxd2 39. Rxd2 Qxg3 40. Re2 Qf4 41. Nc2 Qc1+ 42. Ne1 Re6 0-1

[Event "*** SCC Grand Prix: Titled Tuesday Blitz"]
[Site "Chess.com"]
[Date "2020.06.09"]
[Round "4"]
[White "bulletteemo"]
[Black "GrigorGrigorov"]
[Result "0-1"]
[WhiteElo "2532"]
[BlackElo "2734"]
[TimeControl "180+1"]
[EndTime "9:39:42 PDT"]
[Termination "GrigorGrigorov won by resignation"]

1. e4 c6 2. Nc3 d5 3. Nf3 dxe4 4.
Nxe4 Nf6 5. Qe2 Nxe4 6. Qxe4 Be6 7. d4 Bd5 8. Qf4 Bxf3 9. Qxf3 Qxd4 10. Bd3 Nd7 11.
Be3 Qb4+ 12. Bd2 Qxb2 13. O-O Ne5 14. Qe4 Nxd3 15. Qxd3 Rd8 16. Qe3 Qd4 17. Qxd4 Rxd4 18. Be3 Rd7 19. Bxa7 e6 20. Rfd1 Be7 21. Bb6 f6 22. a4 Bd8 23. Rxd7 Kxd7 24. Rd1+ Kc8 25. Bc5 Bc7 26. Kf1 Rd8 27. Rxd8+ Kxd8 28. Ke2 Kd7 29. Kd3 h5 30. g3 g5 31. h3 f5 32.
Be3 g4 33. hxg4 hxg4 34. Kc4 Bd6 35. a5 e5 36. c3 Ke6 37. Bg5 Bc7 38. Kb4 Kd5 39.
c4+ Ke4 40. a6 bxa6 41. Kc5 Ba5 42. Kxc6 Be1 43. Be3 f4 44. gxf4 exf4 45. Bb6 g3 46. fxg3 fxg3 47. Kb7 Bf2 48. Bc7 g2 49. Bh2 a5 50.
Kc6 a4 51. c5 Bxc5 52. Kxc5 a3 53. Bg1 a2 54. Bd4 a1=Q 55. Bxa1 g1=Q+ 0-1

[Event "*** SCC Grand Prix: Titled Tuesday Blitz"]
[Site "Chess.com"]
[Date "2020.06.09"]
[Round "4"]
[White "Biranidun"]
[Black "OparinGrigoriy"]
[Result "1-0"]
[WhiteElo "2736"]
[BlackElo "2895"]
[TimeControl "180+1"]
[EndTime "9:39:44 PDT"]
[Termination "Biranidun won on time"]

1. e4 e5 2. Nf3 Nc6 3. Bb5 a6 4. Ba4 Nf6 5. O-O Be7 6. Re1 b5 7. Bb3 d6 8. c3 O-O 9. h3 Nb8 10.
d4 Nbd7 11. Nbd2 Bb7 12. Bc2 Re8 13. Nf1 Bf8 14. Ng3 g6 15. a4 Nb6 16. b3 Bg7 17. a5 Nbd7 18. d5 Rc8 19. c4 c6 20.
dxc6 Rxc6 21. cxb5 axb5 22. b4 Qa8 23. Bb3 d5 24. exd5 Rd6 25. Ng5 e4 26. Bf4 Rxd5 27. Bxd5 Nxd5 28. Rc1 h6 29. N5xe4 Nxf4 30. Qxd7 Rd8 31.
Qe7 Nd3 32. Rc7 Rf8 33. Re3 Bxe4 34. Nxe4 Nf4 35. Ra7 Qd5 36. Qd7 Qd4 37. Rb7 Qa1+ 38. Kh2 Be5 39. g3 Nh5 40. Nd2 Qb2 41. Kg2 Bc3 42.
Nf3 1-0

[Event "*** SCC Grand Prix: Titled Tuesday Blitz"]
[Site "Chess.com"]
[Date "2020.06.09"]
[Round "4"]
[White "gross-aleks"]
[Black "Oleksandr_Bortnyk"]
[Result "0-1"]
[WhiteElo "2595"]
[BlackElo "2952"]
[TimeControl "180+1"]
[EndTime "9:39:44 PDT"]
[Termination "Oleksandr_Bortnyk won by resignation"]

1. c4 d6 2. g3 e5 3. Bg2 g6 4.
Nc3 Bg7 5. d3 f5 6. e4 Nc6 7.
Nge2 Nf6 8. O-O O-O 9. Nd5 f4 10.
gxf4 Nh5 11. f5 gxf5 12. Ng3 Nf4 13. exf5 Nxg2 14. Kxg2 Bxf5 15. Nxf5 Rxf5 16. Qg4 Nd4 17. Be3 c6 18. Kh1 cxd5 19. Bxd4 Qd7 20. Be3 dxc4 21.
dxc4 Kh8 22. Qe4 Raf8 23. Rg1 Qc6 24. Qxc6 bxc6 25. Rad1 Rd8 26. b4 d5 27. cxd5 cxd5 28. Bxa7 d4 29. b5 Rxf2 30. Rg2 Rf7 31. b6 e4 32. Re2 Re7 33. a4 d3 34. Re3 Bh6 35. Ree1 Rd5 36. Rxe4 Rxe4 37. b7 Bf4 38. b8=Q+ Bxb8 39. Bxb8 d2 40. Kg2 Re1 41. Be5+ Rdxe5 42. Rxd2 R5e2+ 43. Rxe2 Rxe2+ 0-1

[Event "*** SCC Grand Prix: Titled Tuesday Blitz"]
[Site "Chess.com"]
[Date "2020.06.09"]
[Round "4"]
[White "Onischuk_V"]
[Black "Bathory44"]
[Result "1-0"]
[WhiteElo "2888"]
[BlackElo "2584"]
[TimeControl "180+1"]
[EndTime "9:39:44 PDT"]
[Termination "Onischuk_V won on time"]

1. e4 e6 2. d4 d5 3. Bd3 dxe4 4. Bxe4 Nf6 5. Bf3 c5 6. Ne2 Nc6 7. Be3 e5 8. Bxc6+ bxc6 9. dxe5 Qxd1+ 10. Kxd1 Ng4 11. Nd2 Be7 12. Nf3 Nxe3+ 13. fxe3 Bf5 14. Rc1 g5 15. Ng3 Bg6 16. Ke2 O-O-O 17. Nd2 h5 18. Rhf1 h4 19. Nf5 Rhe8 20. Nc4 Kc7 21. Nfd6 Bh5+ 22. Kd3 f6 23. Kc3 Rf8 24. Nf5 Rde8 25.
Ng7 Bg6 26. Nxe8+ Bxe8 27. e4 Bg6 28. exf6 Rxf6 29. Rxf6 Bxf6+ 30. e5 Bg7 31. Rd1 Be4 32. g3 hxg3 33. hxg3 Bd5 34. b3 Kd7 35. Rd2 Ke6 36. Rh2 Bxc4 37. Kxc4 Bxe5 38. Rg2 Kf5 39. Kxc5 Kg4 40.
Kxc6 Kf3 41. Rg1 g4 42. c4 Kf2 43. Rd1 Bxg3 44. c5 Bf4 45. Kb7 g3 46. c6 Ke2 47.
Rb1 1-0

[Event "*** SCC Grand Prix: Titled Tuesday Blitz"]
[Site "Chess.com"]
[Date "2020.06.09"]
[Round "4"]
[White "ARMQUEEN"]
[Black "Moon_stone123"]
[Result "0-1"]
[WhiteElo "2305"]
[BlackElo "2462"]
[TimeControl "180+1"]
[EndTime "9:39:44 PDT"]
[Termination "Moon_stone123 won by resignation"]

1. e4 c5 2. Nc3 g6 3. d4 cxd4 4. Qxd4 Nf6 5. Bb5 Nc6 6. Bxc6 bxc6 7. e5 Nh5 8. e6 Bg7 9. exf7+ Kxf7 10. Qd3 Rf8 11.
Nf3 Kg8 12. Bg5 Qa5 13. O-O Rxf3 14. Qxf3 Qxg5 15. Rfe1 Qf6 16. Qe3 e5 17. Ne4 Qe7 18.
c4 Ba6 19. c5 Rf8 20. Qa3 Bc4 21.
Rad1 Nf4 22. Rd6 a6 23. g3 Ne2+ 24. Kg2 Nd4 25. Nd2 Bd5+ 26. Kg1 Qf7 27. Qe3 Nc2 28. Qe2 Nxe1 29. Qxe1 e4 30. Nf1 Be5 31. Ne3 Bxd6 32. cxd6 Qe6 33. Qc3 Qxd6 34. Ng4 h5 35.
Ne3 Qf6 36. Qd2 Be6 37. Qe2 d5 38. Ng2 Bg4 39. Qd2 Bf3 40. Nf4 g5 41. Nh3 Qf5 42.
Nxg5 Bg4 43. h4 c5 44. Kg2 d4 45. Qc2 e3 46. fxe3 Qxc2+ 0-1

[Event "*** SCC Grand Prix: Titled Tuesday Blitz"]
[Site "Chess.com"]
[Date "2020.06.09"]
[Round "4"]
[White "Love_craft"]
[Black "Manukyan_Artak"]
[Result "0-1"]
[WhiteElo "2425"]
[BlackElo "2300"]
[TimeControl "180+1"]
[EndTime "9:39:44 PDT"]
[Termination "Manukyan_Artak won by resignation"]

1. Nf3 Nf6 2. g3 g6 3. Bg2 Bg7 4. O-O O-O 5. d4 d6 6. c4 c6 7. Nc3 Nbd7 8. e4 e5 9. d5 cxd5 10. cxd5 Nc5 11. Ne1 a5 12. Nd3 b6 13. Nxc5 bxc5 14.
Re1 h5 15. h4 Ng4 16. f3 Nh6 17. Bg5 f6 18. Be3 Kh7 19. Qd2 f5 20. Bg5 Qb6 21.
Kh2 a4 22. Rab1 Nf7 23. Be3 Bh6 24. Nd1 fxe4 25. fxe4 Bg4 26. Nf2 Bxe3 27. Rxe3 Nh6 28. Bh3 Bxh3 29. Kxh3 Rf6 30. Kg2 Raf8 31. Nh3 Ng4 32. Rf3 Rxf3 33. Ng5+ Kg7 34. Nxf3 c4 35. Re1 a3 36. bxa3 Qc5 37. Re2 Qxa3 38. Ng5 Rf6 39.
Ne6+ Kh7 40. Ng5+ Kg8 41. Qb2 Qxb2 42. Rxb2 c3 43. Rb8+ Rf8 44. Rb1 Rf2+ 45. Kg1 Rb2 46. Rc1 c2 47. Kf1 Rb1 48. Ke2 Rxc1 0-1

[Event "*** SCC Grand Prix: Titled Tuesday Blitz"]
[Site "Chess.com"]
[Date "2020.06.09"]
[Round "4"]
[White "GHANDEEVAM2003"]
[Black "Matibar"]
[Result "1-0"]
[WhiteElo "2977"]
[BlackElo "2722"]
[TimeControl "180+1"]
[EndTime "9:39:45 PDT"]
[Termination "GHANDEEVAM2003 won by resignation"]

1. c4 e5 2. Nc3 Nf6 3. Nf3 Nc6 4. e3 Bb4 5. Nd5 a5 6. a3 Be7 7. d4 d6 8. Be2 exd4 9. exd4 Nxd5 10. cxd5 Nb8 11. O-O O-O 12. Re1 Nd7 13. Qc2 Nb6 14. Bd3 f5 15. Bd2 Kh8 16. Qb3 a4 17. Qa2 Bd7 18. Rac1 Bf6 19. h4 h6 20. Rc2 c6 21.
dxc6 Bxc6 22. Qe6 Bxh4 23. Qg6 Bxf3 24. gxf3 Qf6 25. Qh5 Nd5 26. Bc4 Nc7 27. Ba2 Rac8 28. Rec1 Qxd4 29. Bxh6 g6 30. Be3+ gxh5 31. Bxd4+ Bf6 32.
Rxc7 Rxc7 33. Bxf6+ Rg7+ 34. Bxg7+ Kxg7 35. Rc7+ Kf6 36. Rxb7 Rc8 37. f4 Rc2 38. Kg2 h4 39. Bd5 Rd2 40.
Bf3 Rd4 41. Rb4 1-0

[Event "*** SCC Grand Prix: Titled Tuesday Blitz"]
[Site "Chess.com"]
[Date "2020.06.09"]
[Round "4"]
[White "robertofabregas"]
[Black "DishonorOnYourCow"]
[Result "1-0"]
[WhiteElo "2111"]
[BlackElo "2276"]
[TimeControl "180+1"]
[EndTime "9:39:45 PDT"]
[Termination "robertofabregas won by resignation"]

1. d4 Nf6 2. Bf4 g6 3. e3 d5 4.
Nf3 Bg7 5. c3 O-O 6. Nbd2 c5 7.
Be2 b6 8. h4 Bb7 9. O-O Nc6 10.
a4 Re8 11. Ne5 h5 12. Kh1 Nd7 13. Nef3 e5 14. dxe5 Ndxe5 15. Nxe5 Qxh4+ 16. Kg1 Nxe5 17. Bxe5 Bxe5 18. Nf3 Qe7 19. Nxe5 Qxe5 20. Bf3 Rad8 21.
Qc2 Qc7 22. Rad1 Bc6 23. Rfe1 Qd7 24. b3 c4 25. Ra1 Qe6 26. b4 h4 27. b5 Bb7 28. Rad1 g5 29. Rd4 Kg7 30. Red1 Rd6 31. Bg4 Qg6 32. Bf5 Qf6 33. Bh3 Bc8 34. Bg4 Bxg4 35.
Rxg4 Qh6 36. Qf5 f6 37. Rxd5 Rd7 38. Rxd7+ Kg8 39. Qd5+ Kh8 40. Qf7 Rg8 41. Rd6 Rg6 42. Rd8+ 1-0

[Event "*** SCC Grand Prix: Titled Tuesday Blitz"]
[Site "Chess.com"]
[Date "2020.06.09"]
[Round "4"]
[White "volcanoexplorer"]
[Black "Sanan_Sjugirov"]
[Result "0-1"]
[WhiteElo "2549"]
[BlackElo "2777"]
[TimeControl "180+1"]
[EndTime "9:39:46 PDT"]
[Termination "Sanan_Sjugirov won by resignation"]

1. e4 c5 2. Nf3 Nc6 3. d4 cxd4 4. Nxd4 Nf6 5. Nc3 d6 6. Bg5 e6 7. Qd2 a6 8. O-O-O Bd7 9. f4 Be7 10. Be2 h6 11. Bh4 b5 12. Bf3 Rc8 13. Nxc6 Bxc6 14. Bxf6 gxf6 15. f5 h5 16. fxe6 fxe6 17. Qe2 b4 18.
Bxh5+ Kf8 19. Nd5 exd5 20. exd5 Bb5 21. Qf3 Be8 22. Bg4 Rc4 23. Bf5 Bd7 24. Bd3 Rch4 25.
Qg3 Bb5 26. Bf5 R4h5 27. Qf2 Bd7 28. g4 Bxf5 29. gxh5 Rxh5 30. Rhg1 Qc8 31. Rd2 Kf7 32. h4 Bf8 33. Re2 Qc4 34. Qg3 Bh6+ 35. Kb1 Bh7 36. Qh3 Qxe2 37. Qd7+ Qe7 38. Qg4 Re5 39. b3 Re1+ 40.
Kb2 Qe5+ 0-1

[Event "*** SCC Grand Prix: Titled Tuesday Blitz"]
[Site "Chess.com"]
[Date "2020.06.09"]
[Round "4"]
[White "nonsopolo1"]
[Black "Azoulas1"]
[Result "1-0"]
[WhiteElo "2259"]
[BlackElo "1965"]
[TimeControl "180+1"]
[EndTime "9:39:47 PDT"]
[Termination "nonsopolo1 won by checkmate"]

1. e4 c5 2. Nf3 e6 3. d4 cxd4 4.
Nxd4 Nf6 5. Nc3 d6 6. Bd3 Be7 7. O-O O-O 8. Kh1 a6 9. f4 Nc6 10. Be3 Bd7 11. Qf3 Nxd4 12. Bxd4 Bc6 13. Qh3 g6 14. Rad1 Nh5 15. g4 Nxf4 16. Rxf4 e5 17. Bxe5 dxe5 18. Rff1 Bf6 19. Bxa6 Qe7 20. Bc4 Bg7 21.
Nd5 Qc5 22. Bb3 Ba4 23. g5 Bxb3 24. Qxb3 b5 25. Nf6+ Bxf6 26. gxf6 Qc4 27. Qe3 Rxa2 28. Rfe1 Qe6 29. Rf1 Qc4 30. Rde1 Kh8 31. Qh6 Rg8 32. Rf3 Qb4 33. Qxh7+ Kxh7 34. Rh3# 1-0